General information
- name: BNet
- type: Ladder team game (AT/RT)
- host: Battle.net
- saver: BRG
map: Monsoon
- players: 6
- length: 69:39
- speed: Fast
- version: 1.24 W3XP
- replay type:

» download(456 KB)
Players
team 1 (winner)
BRG (
red | 99 APM | 6897 actions | 69:39)
8 Blademaster
3 Wind Walk
3 Critical Strike
1 Bladestorm
1 Mirror Image
» actions
| Assign group hotkey | 31 | |
| Basic commands | 42 | |
| Build / train | 139 | |
| Enter build submenu | 88 | |
| Enter hero's abilities submenu | 9 | |
| Give item / drop item | 14 | |
| Remove unit from queue | 6 | |
| Right click | 4411 | |
| Select / deselect | 636 | |
| Select group hotkey | 1061 | |
| Use ability | 459 | |
6897 total
» units
| Peon | 20 | |
| Troll Batrider | 35 | |
| Raider | -3 | |
| Shaman | 3 | |
| Troll Witch Doctor | 2 | |
| Dragonhawk Rider | 3 | |
| Gryphon Rider | 9 | |
| Wind Rider | 4 | |
| Spirit Walker | 1 | |
| Demolisher | 1 | |
75 total
» upgrades
| Ranged Weapons | 3 | |
| Reinforced Defenses | 1 | |
| Liquid Fire | 1 | |
| Envenomed Spears | 1 | |
| Armor | 4 | |
| Swords | 2 | |
| Storm Hammers | 1 | |
| Shaman Training | 2 | |
| Witch Doctor Training | 2 | |
| Spirit Walker Training | 1 | |
| Troll Regeneration | 1 | |
| Burning Oil | 1 | |
20 total
» buildings
| Altar of Storms | 1 | |
| Orc Burrow | 10 | |
| War Mill | 2 | |
| Voodoo Lounge | 3 | |
| Watch Tower | 49 | |
| Stronghold | 1 | |
| Beastiary | 2 | |
| Great Hall | 1 | |
| Fortress | 3 | |
| Gryphon Aviary | 2 | |
| Barracks | 2 | |
| Farm | 9 | |
| Spirit Lodge | 2 | |
87 total
» build order
00:11 Altar of Storms
00:23 Orc Burrow
00:51 War Mill
01:48 Voodoo Lounge
02:34 Watch Tower
02:35 Watch Tower
02:47 Watch Tower
03:05 Watch Tower
04:09 Watch Tower
04:11 Watch Tower
04:14 Watch Tower
05:54 Stronghold
05:57 Watch Tower
05:59 Watch Tower
06:01 Watch Tower
06:26 Voodoo Lounge
06:36 Voodoo Lounge
07:24 Watch Tower
07:26 Watch Tower
07:43 Watch Tower
07:48 Watch Tower
08:20 Orc Burrow
09:40 Beastiary
11:24 Watch Tower
11:25 Watch Tower
11:54 Watch Tower
11:55 Watch Tower
11:56 Watch Tower
12:02 Watch Tower
12:32 Watch Tower
12:38 Great Hall
13:38 Watch Tower
13:39 Watch Tower
13:50 Orc Burrow
13:57 Orc Burrow
13:58 Orc Burrow
14:22 Orc Burrow
14:33 Watch Tower
14:36 Watch Tower
14:53 Watch Tower
14:54 Watch Tower
14:58 Beastiary
16:19 Watch Tower
16:20 Watch Tower
17:11 Fortress
17:11 Fortress
18:36 Watch Tower
18:37 Watch Tower
19:06 Watch Tower
19:07 Watch Tower
19:08 Watch Tower
19:09 Watch Tower
19:11 Watch Tower
19:12 Watch Tower
22:00 Watch Tower
22:18 Watch Tower
22:19 Watch Tower
22:20 Watch Tower
22:23 Watch Tower
23:25 Watch Tower
23:26 Watch Tower
23:43 Watch Tower
24:49 Watch Tower
24:49 Watch Tower
24:50 Watch Tower
24:51 Watch Tower
26:47 War Mill
52:06 Gryphon Aviary
52:09 Gryphon Aviary
52:27 Barracks
52:30 Farm
52:31 Farm
52:31 Farm
52:33 Farm
52:34 Farm
52:34 Farm
53:17 Spirit Lodge
53:20 Orc Burrow
53:21 Orc Burrow
53:24 Spirit Lodge
53:27 Orc Burrow
53:49 Farm
53:50 Farm
53:51 Farm
60:08 Barracks
63:16 Orc Burrow
» items
| Healing Salve | 4 | |
| Lesser Clarity Potion | 12 | |
| Boots of Speed | 1 | |
| Staff of Teleportation | 1 | |
| Orb of Lightning | 1 | |
| Potion of Lesser Invulnerability | 3 | |
22 total
NUTSONYOCHIN.de (
orange | 59 APM | 2962 actions | 49:53)
4 Blood Mage
2 Flame Strike
2 Siphon Mana
» actions
| Assign group hotkey | 8 | |
| Basic commands | 88 | |
| Build / train | 138 | |
| ESC pressed | 3 | |
| Enter build submenu | 100 | |
| Enter hero's abilities submenu | 4 | |
| Give item / drop item | 5 | |
| Right click | 1517 | |
| Select / deselect | 501 | |
| Select group hotkey | 293 | |
| Use ability | 303 | |
2962 total
» units
» upgrades
| Masonry | 3 | |
| Magic Sentry | 1 | |
| Animal War Training | 1 | |
| Lumber Harvesting | 1 | |
| Armor | 1 | |
| Cloud | 1 | |
| Swords | 1 | |
| Control Magic | 1 | |
10 total
» buildings
| Farm | 6 | |
| Altar of Kings | 1 | |
| Lumber Mill | 1 | |
| Scout Tower | 149 | |
| Arcane Tower | 3 | |
| Guard Tower | 65 | |
| Keep | 1 | |
| Town Hall | 2 | |
| Arcane Sanctum | 1 | |
| Castle | 1 | |
| Gryphon Aviary | 2 | |
| Barracks | 1 | |
| Blacksmith | 1 | |
| Arcane Vault | 1 | |
235 total
» build order
00:18 Farm
00:27 Altar of Kings
00:29 Lumber Mill
01:19 Scout Tower
01:22 Scout Tower
02:00 Arcane Tower
02:03 Scout Tower
02:05 Farm
02:08 Guard Tower
02:09 Farm
02:12 Farm
02:20 Scout Tower
02:49 Arcane Tower
03:22 Guard Tower
03:32 Scout Tower
03:34 Scout Tower
04:20 Scout Tower
04:21 Scout Tower
04:31 Scout Tower
04:47 Guard Tower
04:48 Guard Tower
05:01 Arcane Tower
05:10 Guard Tower
05:25 Scout Tower
05:28 Scout Tower
05:29 Scout Tower
06:27 Guard Tower
06:28 Guard Tower
06:39 Scout Tower
06:40 Scout Tower
07:00 Farm
07:04 Scout Tower
07:04 Scout Tower
07:07 Scout Tower
07:11 Guard Tower
07:34 Guard Tower
07:35 Scout Tower
07:36 Scout Tower
07:40 Guard Tower
07:44 Scout Tower
07:45 Scout Tower
07:53 Keep
08:28 Guard Tower
08:30 Scout Tower
08:32 Scout Tower
08:33 Guard Tower
08:34 Scout Tower
08:34 Scout Tower
08:56 Town Hall
09:27 Guard Tower
09:28 Guard Tower
09:29 Guard Tower
09:30 Scout Tower
09:31 Scout Tower
09:43 Scout Tower
09:54 Scout Tower
09:55 Scout Tower
10:15 Guard Tower
10:18 Arcane Sanctum
10:47 Scout Tower
10:48 Scout Tower
11:33 Guard Tower
11:48 Scout Tower
11:52 Scout Tower
11:53 Scout Tower
11:54 Scout Tower
11:54 Scout Tower
12:06 Guard Tower
12:08 Guard Tower
12:13 Scout Tower
12:14 Scout Tower
12:16 Scout Tower
12:17 Scout Tower
12:27 Guard Tower
12:29 Scout Tower
12:29 Scout Tower
12:30 Scout Tower
12:34 Guard Tower
12:37 Castle
12:54 Guard Tower
14:31 Scout Tower
14:32 Scout Tower
14:33 Scout Tower
14:33 Scout Tower
14:34 Scout Tower
14:34 Scout Tower
15:00 Guard Tower
15:02 Gryphon Aviary
15:04 Guard Tower
16:14 Guard Tower
16:18 Scout Tower
16:19 Scout Tower
16:20 Scout Tower
16:21 Scout Tower
16:57 Guard Tower
17:05 Scout Tower
17:06 Scout Tower
17:07 Scout Tower
17:07 Scout Tower
17:09 Scout Tower
17:10 Scout Tower
17:12 Guard Tower
17:14 Scout Tower
17:15 Scout Tower
17:15 Scout Tower
17:16 Scout Tower
17:17 Scout Tower
17:18 Scout Tower
17:44 Guard Tower
17:44 Guard Tower
17:54 Barracks
17:55 Blacksmith
17:57 Arcane Vault
18:11 Guard Tower
19:02 Guard Tower
19:04 Scout Tower
19:04 Scout Tower
19:06 Scout Tower
19:07 Scout Tower
19:08 Scout Tower
19:08 Scout Tower
19:09 Scout Tower
19:10 Scout Tower
19:11 Scout Tower
19:16 Guard Tower
19:23 Scout Tower
19:24 Scout Tower
19:25 Scout Tower
19:25 Scout Tower
19:26 Scout Tower
19:27 Scout Tower
19:27 Guard Tower
19:35 Guard Tower
19:46 Guard Tower
19:50 Scout Tower
19:50 Scout Tower
19:53 Scout Tower
19:55 Scout Tower
19:56 Scout Tower
20:39 Guard Tower
20:41 Scout Tower
20:41 Scout Tower
20:42 Scout Tower
20:42 Scout Tower
20:43 Scout Tower
20:44 Scout Tower
20:45 Scout Tower
20:45 Scout Tower
20:46 Scout Tower
20:46 Scout Tower
20:47 Scout Tower
20:48 Scout Tower
20:51 Guard Tower
21:37 Guard Tower
21:40 Scout Tower
21:41 Scout Tower
21:41 Scout Tower
21:42 Scout Tower
21:42 Scout Tower
21:43 Scout Tower
21:47 Scout Tower
21:47 Scout Tower
21:48 Scout Tower
21:48 Scout Tower
22:02 Guard Tower
22:08 Farm
22:11 Guard Tower
22:20 Guard Tower
22:33 Guard Tower
22:45 Guard Tower
22:47 Scout Tower
22:48 Scout Tower
22:49 Scout Tower
22:50 Scout Tower
23:23 Guard Tower
23:33 Guard Tower
23:36 Scout Tower
23:37 Scout Tower
23:38 Scout Tower
23:38 Scout Tower
23:43 Guard Tower
23:51 Guard Tower
24:20 Guard Tower
24:26 Town Hall
24:33 Guard Tower
25:42 Scout Tower
25:42 Scout Tower
25:43 Scout Tower
25:43 Scout Tower
25:44 Scout Tower
25:45 Scout Tower
25:45 Scout Tower
25:45 Scout Tower
25:46 Scout Tower
25:47 Scout Tower
25:48 Scout Tower
25:48 Scout Tower
25:49 Scout Tower
25:49 Scout Tower
25:49 Scout Tower
25:51 Scout Tower
26:29 Scout Tower
26:30 Scout Tower
26:30 Scout Tower
26:31 Scout Tower
26:32 Scout Tower
26:33 Scout Tower
26:34 Scout Tower
26:39 Guard Tower
26:43 Guard Tower
27:00 Guard Tower
27:02 Guard Tower
27:09 Guard Tower
27:30 Guard Tower
27:33 Scout Tower
27:33 Scout Tower
27:34 Scout Tower
27:34 Scout Tower
27:55 Guard Tower
28:11 Guard Tower
28:13 Guard Tower
28:58 Guard Tower
29:09 Guard Tower
29:11 Scout Tower
29:12 Scout Tower
29:12 Scout Tower
29:13 Scout Tower
29:14 Scout Tower
29:21 Guard Tower
30:09 Guard Tower
30:51 Guard Tower
30:56 Guard Tower
32:51 Gryphon Aviary
32:57 Guard Tower
» items
| Staff of Teleportation | 1 | |
| Boots of Speed | 1 | |
| Healing Salve | 2 | |
| Lesser Clarity Potion | 4 | |
| Potion of Mana | 3 | |
| Potion of Healing | 2 | |
| Orb of Lightning | 1 | |
| Potion of Lesser Invulnerability | 1 | |
15 total
RoganJosh.Yum (
purple | 84 APM | 5861 actions | 69:37)
8 Mountain King
3 Storm Bolt
3 Bash
1 Avatar
1 Thunder Clap
7 Paladin
3 Holy Light
3 Divine Shield
1 Resurrection
1 Blood Mage
1 Flame Strike
» actions
| Assign group hotkey | 248 | |
| Basic commands | 70 | |
| Build / train | 172 | |
| ESC pressed | 2 | |
| Enter build submenu | 88 | |
| Enter hero's abilities submenu | 17 | |
| Give item / drop item | 4 | |
| Remove unit from queue | 3 | |
| Right click | 3084 | |
| Select / deselect | 853 | |
| Select group hotkey | 976 | |
| Use ability | 343 | |
5861 total
» units
| Peasant | 23 | |
| Priest | 3 | |
| Sorceress | 2 | |
| Gryphon Rider | 6 | |
34 total
» upgrades
| Masonry | 3 | |
| Lumber Harvesting | 2 | |
| Magic Sentry | 1 | |
| Priest Training | 2 | |
| Sorceress Training | 2 | |
| Swords | 3 | |
| Armor | 3 | |
| Storm Hammers | 1 | |
| Animal War Training | 1 | |
18 total
» buildings
| Altar of Kings | 1 | |
| Farm | 16 | |
| Lumber Mill | 2 | |
| Scout Tower | 90 | |
| Guard Tower | 54 | |
| Arcane Tower | 8 | |
| Keep | 2 | |
| Arcane Vault | 2 | |
| Castle | 1 | |
| Town Hall | 1 | |
| Arcane Sanctum | 1 | |
| Blacksmith | 1 | |
| Gryphon Aviary | 4 | |
| Barracks | 1 | |
184 total
» build order
00:07 Altar of Kings
00:10 Farm
01:04 Lumber Mill
01:25 Farm
01:35 Scout Tower
01:55 Scout Tower
02:06 Scout Tower
02:15 Guard Tower
02:15 Guard Tower
02:24 Scout Tower
02:36 Scout Tower
02:44 Guard Tower
02:44 Guard Tower
02:44 Guard Tower
02:53 Scout Tower
02:58 Scout Tower
03:09 Guard Tower
03:09 Guard Tower
03:10 Guard Tower
03:12 Guard Tower
03:12 Guard Tower
03:13 Guard Tower
03:38 Farm
03:41 Guard Tower
03:41 Guard Tower
03:43 Scout Tower
03:43 Scout Tower
04:23 Scout Tower
04:24 Scout Tower
04:26 Guard Tower
06:08 Scout Tower
06:09 Scout Tower
06:10 Scout Tower
06:10 Scout Tower
06:16 Arcane Tower
06:16 Arcane Tower
06:19 Keep
06:24 Farm
06:25 Farm
06:42 Guard Tower
07:10 Arcane Vault
07:11 Arcane Vault
07:14 Scout Tower
07:14 Scout Tower
07:16 Guard Tower
07:16 Guard Tower
08:05 Scout Tower
08:06 Scout Tower
08:07 Scout Tower
08:08 Scout Tower
08:09 Guard Tower
10:16 Farm
10:17 Farm
11:52 Guard Tower
13:44 Castle
14:53 Scout Tower
14:54 Scout Tower
14:55 Scout Tower
14:58 Scout Tower
14:59 Scout Tower
15:26 Guard Tower
15:26 Guard Tower
15:27 Guard Tower
15:28 Guard Tower
15:28 Guard Tower
15:29 Guard Tower
16:11 Guard Tower
16:34 Scout Tower
16:35 Scout Tower
16:36 Scout Tower
16:37 Scout Tower
16:39 Scout Tower
16:40 Scout Tower
17:39 Town Hall
17:42 Scout Tower
17:43 Scout Tower
17:44 Scout Tower
17:45 Scout Tower
17:46 Scout Tower
17:52 Guard Tower
17:52 Guard Tower
18:23 Guard Tower
18:52 Scout Tower
18:53 Scout Tower
18:54 Scout Tower
18:55 Scout Tower
18:57 Scout Tower
18:59 Scout Tower
19:01 Scout Tower
19:04 Scout Tower
19:05 Scout Tower
19:05 Scout Tower
19:06 Scout Tower
19:07 Scout Tower
19:08 Scout Tower
19:09 Scout Tower
20:07 Guard Tower
20:40 Guard Tower
20:40 Guard Tower
21:53 Guard Tower
21:53 Guard Tower
22:25 Arcane Sanctum
23:56 Scout Tower
24:07 Scout Tower
24:08 Scout Tower
24:09 Scout Tower
24:10 Scout Tower
24:11 Scout Tower
24:12 Scout Tower
24:13 Scout Tower
24:15 Scout Tower
24:16 Scout Tower
24:16 Scout Tower
24:17 Scout Tower
25:30 Guard Tower
25:30 Guard Tower
25:31 Guard Tower
25:56 Scout Tower
25:57 Scout Tower
25:57 Scout Tower
25:58 Scout Tower
26:02 Scout Tower
26:04 Scout Tower
26:10 Scout Tower
26:11 Scout Tower
26:12 Scout Tower
26:12 Scout Tower
26:13 Scout Tower
26:16 Scout Tower
26:17 Scout Tower
27:06 Lumber Mill
27:11 Guard Tower
29:00 Guard Tower
29:01 Guard Tower
32:46 Scout Tower
32:47 Scout Tower
32:48 Scout Tower
32:49 Scout Tower
32:50 Scout Tower
36:20 Guard Tower
36:20 Guard Tower
48:44 Scout Tower
48:48 Scout Tower
48:50 Scout Tower
48:53 Scout Tower
48:54 Scout Tower
48:56 Scout Tower
48:59 Scout Tower
49:00 Scout Tower
49:02 Scout Tower
49:58 Arcane Tower
50:28 Arcane Tower
50:37 Arcane Tower
50:37 Arcane Tower
50:42 Farm
50:43 Farm
50:44 Farm
50:46 Farm
50:46 Farm
50:48 Farm
50:49 Farm
50:56 Blacksmith
50:59 Gryphon Aviary
51:01 Gryphon Aviary
51:03 Gryphon Aviary
51:04 Gryphon Aviary
52:24 Farm
53:46 Farm
61:41 Barracks
» items
| Lesser Clarity Potion | 1 | |
| Healing Salve | 2 | |
| Boots of Speed | 2 | |
| Staff of Teleportation | 1 | |
| Circlet of Nobility | 1 | |
| Staff of Sanctuary | 2 | |
| Orb of Lightning | 2 | |
11 total
team 2 (loser)
qwww (
teal | 68 APM | 4720 actions | 69:33)
4 Blademaster
2 Wind Walk
2 Critical Strike
5 Shadow Hunter
2 Hex
3 Healing Wave
» actions
| Assign group hotkey | 100 | |
| Basic commands | 23 | |
| Build / train | 111 | |
| ESC pressed | 4 | |
| Enter build submenu | 33 | |
| Enter hero's abilities submenu | 10 | |
| Give item / drop item | 5 | |
| Remove unit from queue | 2 | |
| Right click | 2208 | |
| Select / deselect | 861 | |
| Select group hotkey | 937 | |
| Use ability | 426 | |
4720 total
» units
| Peon | 11 | |
| Grunt | 13 | |
| Raider | 16 | |
| Wind Rider | 2 | |
| Spirit Walker | 9 | |
| Kodo Beast | 1 | |
| Troll Witch Doctor | 3 | |
| Demolisher | 2 | |
| Troll Batrider | 2 | |
59 total
» upgrades
| Ensnare | 1 | |
| Spiked Barricades | 3 | |
| War Drums Damage Increase | 1 | |
| Spirit Walker Training | 2 | |
| Armor | 3 | |
| Witch Doctor Training | 2 | |
| Melee Weapons | 3 | |
| Reinforced Defenses | 1 | |
| Berserker Strength | 1 | |
| Burning Oil | 1 | |
18 total
» buildings
| Altar of Storms | 1 | |
| Orc Burrow | 8 | |
| Barracks | 1 | |
| Voodoo Lounge | 1 | |
| Stronghold | 1 | |
| War Mill | 1 | |
| Beastiary | 3 | |
| Fortress | 1 | |
| Watch Tower | 11 | |
| Tauren Totem | 2 | |
| Spirit Lodge | 1 | |
31 total
» build order
00:11 Altar of Storms
00:21 Orc Burrow
00:36 Barracks
01:34 Voodoo Lounge
02:32 Orc Burrow
03:16 Orc Burrow
04:48 Stronghold
05:44 War Mill
06:39 Orc Burrow
07:12 Beastiary
07:13 Beastiary
07:27 Beastiary
11:55 Fortress
11:57 Orc Burrow
12:30 Watch Tower
12:31 Watch Tower
12:32 Watch Tower
16:45 Tauren Totem
16:58 Tauren Totem
18:30 Spirit Lodge
19:47 Watch Tower
20:52 Watch Tower
22:20 Orc Burrow
53:07 Orc Burrow
53:09 Orc Burrow
57:25 Watch Tower
58:54 Watch Tower
60:41 Watch Tower
62:10 Watch Tower
63:22 Watch Tower
64:08 Watch Tower
» items
| Healing Salve | 3 | |
| Lesser Clarity Potion | 2 | |
| Orb of Lightning | 1 | |
| Tiny Great Hall | 1 | |
| Boots of Speed | 1 | |
| Dust of Appearance | 1 | |
| Potion of Lesser Invulnerability | 1 | |
| Scroll of Speed | 1 | |
| Scroll of Healing | 2 | |
| Scroll of Protection | 2 | |
15 total
stxpascal (
pink | 63 APM | 4367 actions | 69:36)
3 Demon Hunter
1 Mana Burn
2 Evasion
3 Keeper of the Grove
1 Entangling Roots
2 Thorns Aura
» actions
| Assign group hotkey | 34 | |
| Basic commands | 148 | |
| Build / train | 142 | |
| Enter build submenu | 38 | |
| Enter hero's abilities submenu | 6 | |
| Give item / drop item | 1 | |
| Remove unit from queue | 12 | |
| Right click | 2351 | |
| Select / deselect | 617 | |
| Select group hotkey | 899 | |
| Use ability | 119 | |
4367 total
» units
| Wisp | 44 | |
| Archer | 2 | |
| Huntress | 8 | |
| Chimaera | 21 | |
| Hippogryph | 17 | |
92 total
» upgrades
| Strength of the Moon | 3 | |
| Sentinel | 1 | |
| Corrosive Breath | 1 | |
| Nature's Blessing | 1 | |
| Upgrade Moon Glaive | 1 | |
| Reinforced Hides | 3 | |
| Strength of the Wild | 3 | |
| Moon Armor | 3 | |
| Well Spring | 1 | |
| Ultravision | 1 | |
| Vorpal Blades | 1 | |
19 total
» buildings
| Altar of Elders | 1 | |
| Moon Well | 7 | |
| Ancient of War | 2 | |
| Tree of Ages | 1 | |
| Hunter's Hall | 1 | |
| Tree of Eternity | 1 | |
| Ancient Protector | 14 | |
| Ancient of Wind | 1 | |
| Chimaera Roost | 2 | |
| Tree of Life | 5 | |
| Ancient of Wonders | 1 | |
36 total
» build order
00:07 Altar of Elders
00:19 Moon Well
00:38 Ancient of War
01:35 Moon Well
02:43 Tree of Ages
03:18 Hunter's Hall
03:22 Moon Well
06:26 Ancient of War
06:55 Tree of Eternity
07:03 Ancient Protector
08:10 Ancient of Wind
08:56 Moon Well
09:53 Chimaera Roost
09:58 Chimaera Roost
11:05 Moon Well
11:54 Moon Well
17:59 Tree of Life
18:08 Moon Well
21:15 Ancient of Wonders
21:35 Tree of Life
23:25 Ancient Protector
24:36 Tree of Life
26:53 Ancient Protector
26:57 Ancient Protector
27:01 Ancient Protector
29:50 Ancient Protector
30:04 Ancient Protector
30:16 Tree of Life
30:28 Tree of Life
30:33 Ancient Protector
30:37 Ancient Protector
30:42 Ancient Protector
31:04 Ancient Protector
31:37 Ancient Protector
37:57 Ancient Protector
38:03 Ancient Protector
» items
| Healing Salve | 2 | |
| Dust of Appearance | 2 | |
| Boots of Speed | 1 | |
| Potion of Lesser Invulnerability | 1 | |
| Orb of Venom | 2 | |
| Scroll of Town Portal | 1 | |
9 total
vincent (
blue | 64 APM | 4428 actions | 69:22)
5 Blademaster
2 Wind Walk
3 Critical Strike
1 Pandaren Brewmaster
1 Breath of Fire
2 Shadow Hunter
1 Hex
1 Healing Wave
» actions
| Assign group hotkey | 73 | |
| Basic commands | 24 | |
| Build / train | 120 | |
| Enter build submenu | 56 | |
| Enter hero's abilities submenu | 8 | |
| Give item / drop item | 5 | |
| Remove unit from queue | 4 | |
| Right click | 2072 | |
| Select / deselect | 945 | |
| Select group hotkey | 887 | |
| Use ability | 234 | |
4428 total
» units
| Peon | 11 | |
| Grunt | 7 | |
| Demolisher | 12 | |
| Shaman | 4 | |
| Raider | 2 | |
| Troll Batrider | 24 | |
| Tauren | 3 | |
| Spirit Walker | 1 | |
64 total
» upgrades
| Spiked Barricades | 1 | |
| Berserker Strength | 1 | |
| Shaman Training | 2 | |
| Reinforced Defenses | 1 | |
| Armor | 3 | |
| Ensnare | 1 | |
| Ranged Weapons | 1 | |
| Burning Oil | 1 | |
| Spirit Walker Training | 2 | |
| Pulverize | 1 | |
| Melee Weapons | 2 | |
16 total
» buildings
| Altar of Storms | 1 | |
| Orc Burrow | 9 | |
| Barracks | 2 | |
| Voodoo Lounge | 1 | |
| Stronghold | 1 | |
| War Mill | 1 | |
| Watch Tower | 28 | |
| Fortress | 1 | |
| Spirit Lodge | 2 | |
| Great Hall | 1 | |
| Beastiary | 2 | |
| Tauren Totem | 2 | |
51 total
» build order
00:05 Altar of Storms
00:14 Orc Burrow
01:09 Barracks
01:26 Orc Burrow
02:06 Voodoo Lounge
02:24 Orc Burrow
03:20 Stronghold
04:06 Orc Burrow
04:59 War Mill
05:50 Barracks
05:52 Orc Burrow
08:30 Orc Burrow
11:55 Orc Burrow
16:51 Watch Tower
16:53 Watch Tower
17:35 Watch Tower
17:36 Watch Tower
17:41 Watch Tower
19:13 Fortress
19:16 Spirit Lodge
19:23 Spirit Lodge
19:51 Great Hall
20:49 Beastiary
21:16 Watch Tower
21:17 Watch Tower
22:52 Watch Tower
22:53 Watch Tower
25:21 Tauren Totem
25:26 Tauren Totem
25:36 Watch Tower
26:36 Watch Tower
27:22 Watch Tower
37:29 Orc Burrow
37:48 Orc Burrow
45:51 Watch Tower
47:00 Beastiary
51:48 Watch Tower
51:55 Watch Tower
53:18 Watch Tower
53:19 Watch Tower
53:21 Watch Tower
53:22 Watch Tower
53:23 Watch Tower
53:24 Watch Tower
55:02 Watch Tower
58:11 Watch Tower
58:12 Watch Tower
60:34 Watch Tower
60:35 Watch Tower
62:38 Watch Tower
62:45 Watch Tower
» items
| Healing Salve | 5 | |
| Lesser Clarity Potion | 5 | |
| Potion of Healing | 3 | |
| Boots of Speed | 2 | |
| Potion of Lesser Invulnerability | 1 | |
| Circlet of Nobility | 1 | |
| Orb of Lightning | 1 | |
| Scroll of Speed | 1 | |
| Potion of Mana | 1 | |
| Scroll of Protection | 1 | |
| Scroll of Healing | 2 | |
23 total
Chat log
(48:39 / All) BRG: i heard that
(55:54 / All) BRG: ok good
(58:11 / All) BRG: imagine me on the maginot
(67:57 / All) BRG: leave
(68:03 / All) BRG: you suck shit
(68:18 / All) qwww: you too
(69:06 / All) BRG: really
(69:07 / All) BRG: elaborate
(69:12 / All) BRG: on the state of this game
(69:26 / All) RoganJosh.Yum: there was no point at this entire game where we could have lost, yet you stayed. what a bunch of noobs!
(69:30 / All) qwww: fuck your mother
(69:33 / All) BRG: angry?